Cogmind - Beta 12 @@@ ROGUE MODE // 2023.03.27 @ 17:39:01 Player: Mr Goldstein Result: Self-destructed Performance ------------- Evolutions (1) 500 Regions Visited (2) 400 Robots Destroyed (47) 235 Value Destroyed (860) 860 Prototype IDs (5) 100 Alien Tech Used (0) 0 Bonus (6) 6 TOTAL SCORE: 2101 Bonus ------- High Alert Combat Kills 6 Cogmind --------- Core Integrity 208/400 Matter 295/300 Energy 265/265 System Corruption 0% Temperature Danger (456) Movement Treading (240) Ox1 Location -9/Materials Parts ------- > --- POWER (1) -------- Improved Ion Engine > --- PROPULSION (2) --- Light Treads > --- UTILITY (4) ------ Large Storage Unit Visual Processing Unit Signal Interpreter Medium Armor Plating > --- WEAPON (2) ------- Improved Medium Laser Improved Medium Laser > --- INVENTORY (15) --- Improved Ion Engine Light Treads Light Treads Light Treads Light Treads Light Treads Light Treads Sensor Array Small Laser Improved Medium Laser Grenade Launcher Grenade Launcher Mini Grenade Launcher Peak State ------------ > --- POWER ------------ Improved Ion Engine > --- PROPULSION ------- Light Treads Light Treads > --- UTILITY ---------- Large Storage Unit Visual Processing Unit Signal Interpreter Medium Armor Plating > --- WEAPON ----------- Improved Medium Laser Improved Medium Laser > --- INVENTORY -------- Light Ion Engine Light Ion Engine Improved Ion Engine Light Treads Light Treads Light Treads Light Treads Light Treads Sensor Array Medium Armor Plating Small Laser Improved Medium Laser Grenade Launcher Grenade Launcher Mini Grenade Launcher [Rating: 18] Favorites ----------- Power Ion Engine Engine Ion Engine Propulsion Light Treads Treads Light Treads Utility Medium Armor Plating Storage Large Storage Unit Processor Visual Processing Unit Protection Medium Armor Plating Weapon Improved Medium Laser Energy Gun Improved Medium Laser Launcher Mini Grenade Launcher Build | -11 -10 -9 ------- Run | Jun Mat Mat Slots Evolved 2 | . . 2 Power . | . . . Propulsion . | . . . Utility 2 | . . 2 Weapon . | . . . Parts Attached 28 | 7 14 7 Power 4 | 1 1 2 Engine 4 | 1 1 2 Core . | . . . Reactor . | . . . Propulsion 4 | 2 . 2 Treads 4 | 2 . 2 Leg . | . . . Wheel . | . . . Hover . | . . . Flight . | . . . Utility 7 | 1 3 3 Device . | . . . Storage 2 | 1 1 . Processor 2 | . . 2 Hackware . | . . . Protection 3 | . 2 1 Artifact . | . . . Weapon 13 | 3 10 . Energy Gun 9 | 3 6 . Energy Cannon . | . . . Ballistic Gun . | . . . Ballistic Cannon . | . . . Launcher 4 | . 4 . Special Weapon . | . . . Impact Weapon . | . . . Slashing Weapon . | . . . Piercing Weapon . | . . . Special Melee Weapon . | . . . Unidentified Prototypes 1 | . 1 . Parts Lost 3 | . 1 2 Power 1 | . 1 . Propulsion 1 | . . 1 Utility 1 | . . 1 Weapon . | . . . Highest Loss Streak 2 | . 1 2 To Critical Strikes . | . . . Average Slot Usage (%) 96 | . 95 100 Engine 12 | . 13 11 Treads 26 | . 28 22 Storage 13 | . 14 11 Processor 7 | . . 22 Protection 10 | . 10 11 Energy Gun 25 | . 27 22 Naked Turns . | . . . Heaviest Build 40 | 12 38 40 Greatest Support 40 | 40 40 40 Greatest Overweight (x) . | . . . Average Overweight (x) . | . . . Largest Inventory Capacity 15 | 8 15 15 Average Capacity 13 | 7 12 15 Most Carried 15 | 5 14 15 Average Carried 9 | 1 8 13 Final Capacity 15 | 8 15 15 Final Carried 14 | 2 14 13 Class Distribution -------------------- 100% | Mutant Dominant Class ---------------- Mutant | -10/Materials Mutant | -9/Materials Resources | -11 -10 -9 ----------- Run | Jun Mat Mat Matter Collected 525 | 190 256 79 Remotely . | . . . Salvage Created 1270 | . 669 601 Parts 99 | . 52 47 Haulers Intercepted 4 | . 2 2 Recyclers Shooed . | . . . Parts Field Recycled . | . . . Retrieved Matter . | . . . Parts Self-Destructed . | . . . Prevented . | . . . Kills | -11 -10 -9 ------- Run | Jun Mat Mat Combat Hostiles Destroyed 32 | . 17 15 Guns 24 | . 9 15 AOE 8 | . 8 . Classes Destroyed 9 | . 8 1 Worker 3 | . 1 2 Tunneler 1 | . 1 . Hauler 4 | . 2 2 Recycler 1 | . 1 . Operator 2 | . 2 . Watcher 4 | . 3 1 Swarmer 18 | . 9 9 Grunt 10 | . 8 2 Sentry 4 | . . 4 Best Kill Streak 7 | . 7 5 Combat Bots Only 6 | . 6 5 Max Kills in Single Turn 3 | . 3 2 Gunslinging 1 | . 1 1 Exploded 2 | . 2 . Melee . | . . . Uniques/NPCs Destroyed . | . . . Combat | -11 -10 -9 -------- Run | Jun Mat Mat Damage Taken 1385 | . 524 861 Core 263 | . 71 192 Absorbed by Shields . | . . . Core Remaining (%) 85 | 100 71 . Volleys Fired 83 | . 36 47 Largest 2 | . 2 2 Hottest 112 | . 112 112 Shots Fired 163 | . 69 94 Gun 157 | . 63 94 Cannon . | . . . Launcher 6 | . 6 . Special . | . . . Kinetic . | . . . Thermal 130 | . 36 94 Explosive 6 | . 6 . Electromagnetic 27 | . 27 . Robot Hit Streak 14 | . 6 14 Robot Miss Streak 6 | . 6 6 Penetration Max . | . . . Secondary Targets 10 | . 4 6 Max Gunslinging Chain 1 | . 1 1 Shots Hit Robots 90 | . 39 51 Core Hits 54 | . 28 26 Critical Kills . | . . . Critical Parts Destroyed . | . . . Critical Strikes 10 | . 4 6 Burn 10 | . 4 6 Melee Attacks . | . . . Impact . | . . . Slashing . | . . . Piercing . | . . . Sneak Attacks . | . . . Combat Hostiles . | . . . Follow-up Attacks . | . . . Damage Inflicted 2107 | . 1220 887 Guns 1494 | . 610 884 Cannons . | . . . Explosions 610 | . 610 . Melee . | . . . Ramming 3 | . . 3 Kinetic . | . . . Thermal 1457 | . 573 884 Explosive 446 | . 446 . Electromagnetic 201 | . 201 . Impact . | . . . Slashing . | . . . Piercing . | . . . Highest Corruption . | . . . Average Corruption . | . . . Corruption Purged . | . . . Corruption Blocked . | . . . Overload Shots . | . . . Overflow Damage 35 | . 35 . Projectiles . | . . . Explosions 35 | . 35 . Melee . | . . . Knockbacks . | . . . Impact . | . . . Kinetic . | . . . Secondary . | . . . Self-Inflicted Damage 102 | . 102 . Shots 3 | . 3 . Rammed 1 | . . 1 Targets Rammed 1 | . . 1 Kicked . | . . . Crushed . | . . . Highest Temperature 464 | . 400 464 Average Temperature 113 | . 112 113 Received Heat Transfer 255 | . 72 183 Effects 1 | . . 1 Shutdowns 1 | . . 1 Siege Activations . | . . . Robots Corrupted . | . . . Combat Hostiles . | . . . Parts Fried 1 | . 1 . Impact Corruptions . | . . . Robots Melted . | . . . Combat Hostiles . | . . . Parts Melted 9 | . 1 8 Heat Transferred 3802 | . 1434 2368 Parts Sabotaged . | . . . Parts Stolen . | . . . Parts Stripped . | . . . Power Chain Reactions 3 | . 3 . Missiles Intercepted . | . . . Alert | -11 -10 -9 ------- Run | Jun Mat Mat Peak Influence 455 | . 292 455 Initial 84 | . . 84 Average 144 | . 124 203 Maximum Alert Level 2 | . 1 2 Low Security (%) 70 | 100 78 51 Level 1 28 | . 21 47 Level 2 . | . . 1 Level 3 . | . . . Level 4 . | . . . Level 5 . | . . . High Security . | . . . Max Security . | . . . Squads Dispatched 5 | . 3 2 Investigation 2 | . 1 1 Extermination . | . . . Reinforcement 3 | . 2 1 Assault . | . . . Garrison . | . . . Intercept . | . . . Searches Triggered . | . . . Construction Impeded . | . . . Haulers Reinforced . | . . . Active Scanning Responses . | . . . Cargo Convoy Interrupts . | . . . Stealth | -11 -10 -9 --------- Run | Jun Mat Mat Distress Signals . | . . . Communications Jammed . | . . . Distress Signals . | . . . Times Spotted 50 | . 25 25 Peak Tracking Total 10 | . 4 10 Tactical Retreats 1 | . 1 . Traps | -11 -10 -9 ------- Run | Jun Mat Mat Traps Triggered 4 | . 3 1 Indirectly . | . . . Trap Hack Attempts . | . . . Triggered . | . . . Disarmed . | . . . Reprogrammed . | . . . Reused . | . . . Traps Extracted . | . . . Installed . | . . . Triggered . | . . . Machines | -11 -10 -9 ---------- Run | Jun Mat Mat Machines Disabled 4 | . 2 2 Max in Single Turn 1 | . 1 1 Machines Repaired . | . . . Machines Sabotaged . | . . . Overloaded Fab Kills . | . . . Hacking | -11 -10 -9 --------- Run | Jun Mat Mat Machines Accessed 11 | . 6 5 Terminals 10 | . 5 5 Fabricators . | . . . Repair Stations . | . . . Recycling Units 1 | . 1 . Scanalyzers . | . . . Garrison Access . | . . . Total Hacks 27 | . 16 11 Successful 13 | . 9 4 Failed 14 | . 7 7 Catastrophic 2 | . 2 . Database Lockouts . | . . . Manual 24 | . 13 11 Terminals 26 | . 15 11 Fabricators . | . . . Repair Stations . | . . . Recycling Units 1 | . 1 . Scanalyzers . | . . . Garrison Access . | . . . Terminal Hacks 9 | . 7 2 Prototype ID Bank 4 | . 4 . Terminal Index 2 | . 1 1 Recycling Unit Index 1 | . 1 . Recall Investigation 1 | . . 1 Hauler Manifests 1 | . 1 . Fabricator Hacks . | . . . Repair Station Hacks . | . . . Recycling Unit Hacks . | . . . Scanalyzer . | . . . Garrison Access Hacks . | . . . Unauthorized Hacks 4 | . 2 2 Terminals 3 | . 1 2 Operators 3 | . 1 2 Fabricators . | . . . Repair Stations . | . . . Recycling Units 1 | . 1 . Mask 1 | . 1 . Scanalyzers . | . . . Garrison Access . | . . . Data Cores Recovered . | . . . Used . | . . . Hacking Detections 7 | . 4 3 Full Trace Events . | . . . Feedback Events . | . . . Feedback Blocked . | . . . Robot Schematics Acquired . | . . . Robots Built . | . . . Authchips . | . . . Time . | . . . Total Robot Build Rating . | . . . Part Schematics Acquired . | . . . Parts Built . | . . . Authchips . | . . . Time . | . . . Total Part Build Rating . | . . . Parts Repaired . | . . . Time . | . . . Parts Recycled . | . . . Recycled Matter . | . . . Retrieved Matter . | . . . Retrieved Components . | . . . Parts Scanalyzed . | . . . Part Schematics Acquired . | . . . Parts Damaged . | . . . Bothacking | -11 -10 -9 ------------ Run | Jun Mat Mat Used RIF Installer . | . . . Robots Hacked . | . . . Non-combat . | . . . Combat . | . . . Robot Hacks Applied . | . . . Relay Couplers Released . | . . . Fabnet Peak Effective % . | . . . Robots Rewired . | . . . Allies Hacked . | . . . Hacks Repelled . | . . . Allies | -11 -10 -9 -------- Run | Jun Mat Mat Total Allies . | . . . Largest Group . | . . . Highest-Rated Group . | . . . Highest-Rated Ally . | . . . Total Orders . | . . . Ally Attacks . | . . . Total Damage . | . . . Kills . | . . . Allies Corrupted . | . . . Allies Melted . | . . . Intel | -11 -10 -9 ------- Run | Jun Mat Mat Robot Analysis Total . | . . . Derelict Logs Recovered . | . . . Drone Launches . | . . . Drone Recoveries . | . . . Exploration | -11 -10 -9 ------------- Run | Jun Mat Mat Turns Passed 2093 | 81 1355 657 Spaces Moved 1003 | 48 643 312 Core 18 | 18 . . Treads 985 | 30 643 312 Legs . | . . . Wheels . | . . . Hover . | . . . Flight . | . . . Fastest Speed 50 | 50 160 160 Average Speed 158 | 118 160 160 Slowest Speed 160 | 160 160 160 Overloaded Moves . | . . . Propulsion Burnouts . | . . . Robots Hopped . | . . . Cave-ins Triggered . | . . . Exploration Rate (%) 41 | 4 89 31 Regions Visited 2 Branch Regions . Pre-discovered Areas . | . . . Known Exits Taken . | . . . Unknown Exits Taken 2 | 1 1 . Scrap Searched . | . . . Spaces Dug 12 | . 12 . Terrain Destroyed 62 | . 62 . Melee . | . . . Projectile . | . . . AOE 62 | . 62 . Terrain Rammed . | . . . Walls Destroyed . | . . . Machines Disabled . | . . . Actions | -11 -10 -9 --------- Run | Jun Mat Mat Total 1345 | 72 898 375 Wait 194 | 10 183 1 Move 1001 | 47 642 312 Hop . | . . . Pick Up 30 | 8 18 4 Fast Attach . | . . . Attach 13 | 6 4 3 Detach . | . . . Swap 15 | 1 10 4 Drop 8 | . 5 3 Fire 83 | . 36 47 Melee . | . . . Ram . | . . . Kick . | . . . Crush 1 | . . 1 Escape Stasis . | . . . Rewire . | . . . Trap . | . . . Miscellaneous . | . . . Route ------- -11/Junkyard -10/Materials (discovered 4 exits: *Mat x3 / [*Min]) -9/Materials (discovered 2 exits: [*Mat] / *Min) History --------- Turn | Location | Event 20 | -11/Junkyard | Discovered new exit (range 16) 82 | -11/Junkyard | Entered Materials 311 | -10/Materials | Build established: Mutant 348 | -10/Materials | Discovered new exit (range 8) 491 | -10/Materials | Discovered new exit (range 12) 978 | -10/Materials | Discovered new exit (range 15) 1411 | -10/Materials | Discovered new exit (range 16) 1437 | -10/Materials | Entered another Materials area 1437 | -9/Materials | Evolved 2 slots: Utility x2 1874 | -9/Materials | Discovered new exit (range 5) 1893 | -9/Materials | Discovered new exit (range 18) 1895 | -9/Materials | Identified exit to Mines 2094 | -9/Materials | Self-destructed Last Messages --------------- >>Trojan(Operators) Trojan loaded successfully. Testing... Operator tracking enabled and active. 02066_ C-30 ARC bursts open, deploying its payload. 02066_ S-10 Pest unfolds itself. 02068_ Electrolysis Chamber disabled. 02073_ Med. Armor Plating destroyed. 02078_ S-10 Pest destroyed. 02078_ Switching to secondary target: Y-45 Defender. 02081_ S-10 Pest destroyed. 02081_ Switching to secondary target: Y-45 Defender. 02084_ S-10 Pest destroyed. 02084_ Switching to secondary target: Y-45 Defender. 02084_ S-10 Pest destroyed. 02087_ S-10 Pest suffers critical hit (Burn). 02087_ S-10 Pest destroyed. 02087_ Switching to secondary target: Y-45 Defender. 02094_ Power failure, Imp. Ion Engine shutdown. 02094_ Lgt. Treads destroyed. Map ----- +----------------------------------------------------+ | *%= =!! ??????????????????????????? | | ####################?????????????????????????????? | | ?????????????????????????????????????????????????? | | #######??????????????????????????????????????????? | | #??????????????????????????????????????????? | | =###########????????????????????????????????? | | %= %" #????????????????????????????????? | | ############### #????????????????????????????????? | | ??????????????# #????????????????????????????????? | | ??????????????# #????????????????????????????????? | | ??????????????# #????????????????????????????????? | | ??????????????# #????????????????????????????????? | | ??????????????# #????????????????????????????????? | | ??????????????# #???#####????????????????????????? | | ????????####### ##### #####????????????????????? | | ????????+ T #????????????????????? | | ????????#######+##### ### #????????????????????? | | ??????????# ## ##????????????????????????? | | ??????????# ""T"" ## #?????????????????????????? | | ??????????# """"" ## #?????????????????????????? | | ??????????# ## #?????????????????????????? | | ??????????############+####??????????????????????? | | ????????????????# s #?#????????????????????? | | ????????????????#"S =% =# ############?????????? | | ????????????????#""" Y =#%[ Y ??????? | | ????????????????# "" " [@s%o k ??????? | | ????????????????# """=#== Y % ??????? | | ????????????????# """%#?? ##########?????????? | | ????????????????# #??????????????????????? | | ????????????????# +??????????????????????? | | ????????????????###### ####??????????????????????? | | ?????????????????????##??????????????????????????? | | ?????????????????????????????????????????????????? | | ?????????????????????????????????????????????????? | | ?????????????????????????????????????????????????? | | ?????????????????????????????????????????????????? | | | | | | | | | | | | | | | | | | | | | | | | | | | | | +----------------------------------------------------+ Best States ------------- Heat Dissipation 28 Energy Generation 12 Energy Capacity 265 Matter Stores 300 Matter Capacity 300 Sight Range 18 Terrain Scan Density 10 Armor Coverage 225 Evasion (%) 50 Recoil Reduction 2 Item Schematics ----------------- None Robot Schematics ------------------ None Fabricated ------------ Nothing Alien Tech Used ----------------- None Achievements -------------- None Challenges ------------ None Game ------ Seed FissionElectronBrace Manual? 0 Play Time 00:18:23 Cumulative 37.7 hours Start 2023.03.27 @ 17:16:47 End 2023.03.27 @ 17:39:01 Sessions 1 Manual Loads 0 Difficulty Rogue Special Mode None Game No. 53 Rogue 53 Adventurer 0 Explorer 0 Win Type - Total 0 Types 0/0/0/0/0/0/0/0/0 Lore% 30 Gallery% 33 Achievement% 32 Wizard Run 0 Options --------- ASCII 0 Keyboard 0 Movement Arrows Keybinds 0 Fullscreen 1 Font 12/Smallcaps Map View 83x54 Tactical HUD 1 Map Filters NONE Filters NONE Steam 1 RUN: dcec84f7-974a-4dac-ad14-47f99c9f68de